 Dungeon Crawl Stone Soup version 0.27-a0-1277-g3808f8b1c9 (webtiles) character file.

Game seed: 13448877825523713380

147 Johnny the Magician (level 5, -3/31 HPs)
             Began as a Deep Elf Earth Elementalist on June 12, 2021.
             Slain by a scorpion (6 damage)
             ... on level 3 of the Dungeon.
             The game lasted 00:01:26 (2482 turns).

Johnny the Magician (Deep Elf Earth Elementalist)   Turns: 2482, Time: 00:01:27

Health: -3/31      AC:  2    Str:  5    XL:     5   Next: 8%
Magic:  11/13      EV: 12    Int: 21    God:
Gold:   58         SH:  0    Dex: 15    Spells: 11/12 levels left

rFire    . . .     SeeInvis .   k - +3 short sword
rCold    . . .     Faith    .   (no shield)
rNeg     . . .     Spirit   .   c - +0 robe
rPois    .         Reflect  .   (no helmet)
rElec    .         Harm     .   (no cloak)
rCorr    .         Rampage  .   (no gloves)
Will     .....                  (no boots)
Stlth    ++........             (no amulet)
HPRegen  0.10/turn              (no ring)
MPRegen  0.13/turn              (no ring)

@: lethally poisoned (-3 -> -8)
A: no striking features
a: no special abilities


You were on level 3 of the Dungeon.
You visited 1 branch of the dungeon, and saw 3 of its levels.

You collected 58 gold pieces.

Inventory:

Hand Weapons
 k - a +3 short sword (weapon)
Missiles
 b - 64 stones
Armour
 c - a +0 robe (worn)
Scrolls
 a - 3 scrolls of teleportation {unknown}
 f - a scroll of enchant armour {unknown}
 g - a scroll of immolation {unknown}
 h - 2 scrolls of acquirement {unknown}
 i - a scroll of enchant weapon {unknown}
 j - a scroll of torment {unknown}
 l - a scroll of identify {unknown}
Potions
 d - a potion of degeneration {unknown}
 e - 2 potions of resistance {unknown}
 m - a potion of ambrosia {unknown}


   Skills:
 * Level 2.6 Fighting
 - Level 2.4 Dodging
 - Level 2.4 Stealth
 + Level 4.3 Spellcasting
 - Level 1.1 Transmutations
 + Level 4.2 Earth Magic


You had 11 spell levels left.
You knew the following spells:

 Your Spells              Type           Power      Damage    Failure   Level
a - Sandblast             Erth           44%        2d11      1%          1

Your spell library contained the following spells:

 Spells                   Type           Power      Damage    Failure   Level
 Passwall                 Tmut/Erth      12%        N/A       6%          2
 Stone Arrow              Conj/Erth      26%        3d8       14%         3
 Petrify                  Tmut/Erth      15%        N/A       36%         4
 Lee's Rapid Deconstruct  Erth           11%        3d9*      50%         5


Dungeon Overview and Level Annotations

Branches:
Dungeon (3/15)

Altars:

Shops:
D:2 !


Message History

Your magical contamination has completely faded away.
You start resting.
HP restored.
You start resting.
Magic restored.
Items here: ))) [[ †.
There is a stone staircase leading up here.
Found an escape hatch in the ceiling.
There is an escape hatch in the ceiling here.
Found a dagger.
A scorpion comes into view.
A scorpion is nearby!
The scorpion stings you!
You are poisoned.
The scorpion poisons you!
You closely miss the scorpion.
You feel very sick. The scorpion stings you.
You hit the scorpion but do no damage.
You feel sick. The scorpion stings you.
Casting: Sandblast (safe; 1% risk of failure)
Confirm with . or Enter, or press ? or * to list all spells.
Aiming: Sandblast (safe; 1% risk of failure)
Press: ? - help, Shift-Dir - straight line, f - scorpion
Aim: a scorpion (81% to hit)
The blast of sand hits the scorpion.
The scorpion is moderately wounded.
You feel sick. The scorpion stings you!
* * * LOW HITPOINT WARNING * * *
The scorpion stings you.
* * * LOW HITPOINT WARNING * * *
Casting: Sandblast (safe; 1% risk of failure)
Confirm with . or Enter, or press ? or * to list all spells.
Aiming: Sandblast (safe; 1% risk of failure)
Press: ? - help, Shift-Dir - straight line, f/p - scorpion
Aim: a scorpion (moderately wounded, 81% to hit)
The blast of sand hits the scorpion.
The scorpion is heavily wounded.
* * * LOW HITPOINT WARNING * * *
You feel sick. The scorpion stings you.
You die...

.. #.........#
#...####.........######
#......................
................######
#..............#
#.........##.#######
#.........##.......##
#.........##.....#.##
#..s@.........##.#.##
.......................>
...........#.###.####.#.
...........#.# #.#....#.
..........##.# #.#.####.
..##....).##.###.#......
. #......##.#...#..#...
#......##.#.###..#.##
.... ##.#.#....#.#


You could see a scorpion.

Vanquished Creatures
  A necrophage (D:2)
  2 adders (D:2)
  2 worms (D:2)
  3 orcs (D:3)
  5 ball pythons
  A bat (D:2)
  3 endoplasms
  2 giant cockroaches
  A hobgoblin (D:2)
  A quokka (D:1)
  3 frilled lizards (D:1)
  4 goblins
  A kobold (D:1)
  4 rats
33 creatures vanquished.

Notes
Turn   | Place    | Note
-------+----------+-------------------------------------------
     0 | D:1      | Johnny the Deep Elf Earth Elementalist began the quest for
                  | the Orb.
     0 | D:1      | Reached XP level 1. HP: 10/10 MP: 6/6
   262 | D:1      | Reached XP level 2. HP: 16/16 MP: 4/8
   363 | D:1      | Reached skill level 1 in Fighting
  1003 | D:2      | Reached XP level 3. HP: 10/20 MP: 1/10
  1169 | D:2      | Found Pead's Distillery.
  1333 | D:2      | Noticed a necrophage
  1343 | D:2      | Killed a necrophage
  1344 | D:2      | Reached XP level 4. HP: 27/27 MP: 8/12
  1747 | D:2      | Reached XP level 5. HP: 24/31 MP: 11/13
  2482 | D:3      | Slain by a scorpion

Illustrated notes

Levels and vault maps discovered:
D:1:      nzn_arrival_crosshair, layout_basic, minmay_pentomino_x4
D:2:      layout_basic, serial_shops, shop, chequers_serial_rivers_room_b
D:3:      layout_basic, hellmonk_ecumenical_altar_crossroads

Skill      XL: |  1  2  3 |
---------------+----------+-----
Fighting       | 1 2 |  2.6
Spellcasting   | 4 |  4.3
Earth Magic    | 4 |  4.2
Dodging        | |  2.4
Stealth        | |  2.4
Transmutations | |  1.1

Action                   |  1- 3 |  4- 6 || total
-------------------------+-------+-------++-------
Melee: Unarmed           |     2 |       ||     2
       Short sword       |     9 |     5 ||    14
 Cast: Sandblast         |    29 |    19 ||    48
 Stab: Sleeping          |     1 |     2 ||     3
       Distracted        |     1 |       ||     1
Armor: Robe              |     4 |     3 ||     7
Dodge: Dodged            |    18 |     5 ||    23

Table legend: (Time is in decaauts)
 A = Elapsed time spent in this place.
 B = Non-inter-level travel time spent in this place.
 C = Inter-level travel time spent in this place.
 D = Time resting spent in this place.
 E = Time spent auto-exploring this place.
 F = Levels seen in this place.
 G = Mean time per level.
                   A        B        C        D        E       F      G
               +--------+--------+--------+--------+--------+-----+--------+
         Total |   2482 |   2398 |     84 |    222 |   1992 |   3 |  827.3 |
       Dungeon |   2482 |   2398 |     84 |    222 |   1992 |   3 |  827.3 |
               +--------+--------+--------+--------+--------+-----+--------+

Top non-repeatable levels by time:
     D:2: 1421 daAuts
     D:1: 751 daAuts
     D:3: 310 daAuts
